 Dungeon Crawl Stone Soup version 0.30.1-3-gfc49f6343a (webtiles) character file.

Game seed: 9593150685712132616

35 Heoruswealwe the Conjurer (level 3, -1/19 HPs)
             Began as a Deep Elf Conjurer on July 20, 2023.
             Slain by a phantom (5 damage)
             ... on level 4 of the Dungeon.
             The game lasted 00:07:01 (721 turns).

Heoruswealwe the Conjurer (Deep Elf Conjurer)        Turns: 721, Time: 00:07:01

Health: -1/19      AC:  5    Str:  4    XL:     3   Next: 17%
Magic:  0/10       EV: 12    Int: 24    God:
Gold:   64         SH:  0    Dex: 13    Spells: 9/10 levels left

rFire   . . .        (no weapon)
rCold   . . .        (no shield)
rNeg    . . .        c - +0 robe
rPois   .            g - +0 helmet
rElec   .            h - +0 cloak
rCorr   .            f - +0 pair of gloves
SInv    .            (no boots)
Will    .....        (no amulet)
Stlth   ++           (no ring)
HPRegen 0.23/turn    (no ring)
MPRegen 0.12/turn

%: random rage (3%)
@: no status effects
A: berserk 1
a: no special abilities


You were on level 4 of the Dungeon.
You visited 1 branch of the dungeon, and saw 4 of its levels.

You collected 64 gold pieces.

Inventory:

Armour
 c - a +0 robe (worn)
 f - a +0 pair of gloves (worn)
 g - a +0 helmet (worn)
 h - a +0 cloak (worn)
Scrolls
 a - a scroll of immolation
 d - a scroll of identify
Potions
 b - a potion of magic
 e - a potion of brilliance
 i - a potion of attraction


   Skills:
 - Level 2.4 Dodging
 - Level 2.4 Stealth
 + Level 4.1 Spellcasting
 + Level 5.0 Conjurations


You had 9 spell levels left.
You knew the following spells:

 Your Spells              Type           Power      Damage    Failure   Level
a - Magic Dart            Conj           100%       1d8       1%          1

Your spell library contained the following spells:

 Spells                   Type           Power      Damage    Failure   Level
 Searing Ray              Conj           58%        2d6       1%          2
 Dazzling Flash           Conj/Hex       34%        N/A       11%         3
 Blink                    Tloc           8%         N/A       14%         2
 Fulminant Prism          Conj/Hex       8%         3d6       34%         4
 Iskenderun's Mystic Bla  Conj/Tloc      17%        2d5       34%         4
 Manifold Assault         Tloc           4%         N/A       67%         4
 Storm Form               Tmut/Air       2%         N/A       100%        7


Dungeon Overview and Level Annotations

Branches:
Dungeon (4/15)
 Temple: D:4-7

Altars:


Innate Abilities, Weirdness & Mutations

You sometimes lose your temper in combat.


Message History

The worm is almost dead.
The worm bites you!
* * * LOW HITPOINT WARNING * * *
You hit the worm.
The worm is almost dead.
Casting: Magic Dart (safe; 1% risk of failure)
Confirm with . or Enter, or press ? or * to list all spells.
Aiming: Magic Dart (safe; 1% risk of failure)
Press: ? - help, Shift-Dir - straight line, f/p - worm
Aim: a worm (almost dead, 100% to hit)
The magic dart hits the worm.
You kill the worm!
Found 11 gold pieces and a whip.
Found a stone staircase leading down.
You see here 7 stones.
A phantom comes into view.
You see here a +0 whip.
You now have 64 gold pieces (gained 11).
Casting: Magic Dart (safe; 1% risk of failure)
Confirm with . or Enter, or press ? or * to list all spells.
Aiming: Magic Dart (safe; 1% risk of failure)
Press: ? - help, Shift-Dir - straight line, f - phantom
Aim: a phantom (100% to hit)
The magic dart hits the phantom.
The phantom is lightly damaged.
The phantom hits you.
* * * LOW HITPOINT WARNING * * *
The phantom blinks!
You blink.
Casting: Magic Dart (safe; 1% risk of failure)
Confirm with . or Enter, or press ? or * to list all spells.
Aiming: Magic Dart (safe; 1% risk of failure)
Press: ? - help, Shift-Dir - straight line, f/p - phantom
Aim: a phantom (100% to hit)
The magic dart hits the phantom.
The phantom is lightly damaged.
The phantom closely misses you.
You hit the phantom but do no damage.
The phantom is lightly damaged.
The phantom hits you.
You die...

##### ...## ...# #..#
######..# #.
#...##W@#####...
#.###>.ยง....).......
#............######.
#..####.............
#...# #.............
#.#.###.(.....###.##
#.#.#..........# #
#........^.....#
#................


You could see a phantom.

Vanquished Creatures
  An adder (D:4)
  A worm (D:4)
  A dart slug (D:3)
  3 orcs (D:3)
  2 bats (D:1)
  A giant cockroach (D:1)
  3 goblins
  2 hobgoblins (D:2)
  A ball python (D:3)
  A frilled lizard (D:3)
  2 kobolds (D:3)
  A rat (D:1)
19 creatures vanquished.

Notes
Turn   | Place    | Note
-------+----------+-------------------------------------------
     0 | D:1      | Heoruswealwe the Deep Elf Conjurer began the quest for the
                  | Orb.
     0 | D:1      | Reached XP level 1. HP: 10/10 MP: 6/6
   464 | D:1      | You fall into a shaft and drop 1 floor!
   517 | D:2      | Reached XP level 2. HP: 15/15 MP: 4/8
   546 | D:3      | Gained mutation: You sometimes lose your temper in combat.
                  | [potion of mutation]
   657 | D:4      | Reached skill level 5 in Conjurations
   657 | D:4      | Reached XP level 3. HP: 11/19 MP: 0/10
   706 | D:4      | Noticed a phantom
   721 | D:4      | Slain by a phantom

Illustrated notes

Levels and vault maps discovered:
D:1:      lightli_arrival_windingriver, layout_rooms
D:2:      layout_loops_ring
D:3:      layout_basic, chequers_mini_garden, uniq_jessica
D:4:      layout_loops_ring, uniq_sigmund, uniq_menkaure

Skill      XL: |  1  2 |
---------------+-------+-----
Spellcasting   | 4 |  4.1
Conjurations   | 5 |  5.0
Dodging        | |  2.4
Stealth        | |  2.4

Action                     || total
---------------------------++-------
  Melee: Unarmed           ||    45
   Cast: Magic Dart        ||    39
    Use: Potion            ||     6
         Scroll            ||     5
 Armour: Robe              ||     6
  Dodge: Dodged            ||    22
